 Dungeon Crawl Stone Soup version 0.20.1-1-g8b1a95d (webtiles) character file.

567 Zedayar the Ruffian (level 7, -2/67 HPs)
             Began as a Troll Fighter on Sept 6, 2017.
             Slain by an ogre
             ... wielding a +0 giant club
              (7 damage)
             ... on level 4 of the Dungeon.
             The game lasted 00:09:31 (2241 turns).

Zedayar the Ruffian (Troll Fighter)                 Turns: 2241, Time: 00:09:31

Health: -2/67      AC:  6    Str: 27    XL:     7   Next: 11%
Magic:  6/6        EV:  8    Int:  4    God:
Gold:   207        SH:  9    Dex:  9    Spells: 6/6 levels left

rFire    . . .     SeeInvis +   u - +4 trident
rCold    . . .     Gourm    +   b - +0 shield
rNeg     . . .     Faith    .   a - +0 robe
rPois    .         Spirit   .   k - +1 hat
rElec    .         Reflect  .   (no cloak)
rCorr    .         Harm     .   (gloves unavailable)
MR       .....     Rnd*Tele +   (boots unavailable)
Stlth    +.........             (no amulet)
Regen    0.7/turn               j - ring of teleportation (curse)
MPRegen  0.1/turn               t - ring of see invisible

@: no status effects
A: unfitting armour, claws 3, fast metabolism 3, gourmand, regeneration 1,
shaggy fur 1, tough skin 2
a: no special abilities


You were on level 4 of the Dungeon.
You were full.

You visited 1 branch of the dungeon, and saw 4 of its levels.

You collected 207 gold pieces.

Inventory:

Hand Weapons
 u - a +4 trident (weapon)
Armour
 a - a +0 robe (worn)
 b - a +0 shield (worn)
 k - a +1 hat (worn)
Jewellery
 j - a cursed ring of teleportation (left claw)
 t - a ring of see invisible (right claw)
Scrolls
 e - a scroll of fog {unknown}
 f - a scroll of amnesia {unknown}
 g - 6 scrolls of identify {unknown}
 h - a scroll of recharging {unknown}
 i - 3 scrolls of teleportation {unknown}
 n - 2 scrolls of enchant armour {unknown}
 o - a scroll of noise {unknown}
 r - a scroll of magic mapping {unknown}
 v - a scroll of remove curse {unknown}
Potions
 c - 2 potions of might
 m - a potion of mutation {unknown}
 p - a potion of heal wounds {unknown}
 q - a potion of cancellation {unknown}
 s - a potion of brilliance {unknown}
 z - a potion of lignification {unknown}
Books
 w - a book of Misfortune

   Spells                             Type                      Level
   a - Confusing Touch                Hexes                        1
   b - Confuse                        Hexes                        3
   c - Gell's Gravitas                Translocation                3
   d - Petrify                        Transmutation/Earth          4
   e - Metabolic Englaciation         Hexes/Ice                    5
   f - Yara's Violent Unravelling     Hexes/Transmutation          5
Comestibles
 d - 5 bread rations
 l - 3 royal jellies
 x - 2 chunks of flesh


   Skills:
 * Level 3.6 Fighting
 * Level 1.9 Polearms
 - Level 2.4 Dodging
 + Level 0.6 Stealth
 + Level 4.2 Shields
 - Level 4.6 Unarmed Combat


You had 6 spell levels left.
You didn't know any spells.

Dungeon Overview and Level Annotations

Branches:
Dungeon (4/15)
 Temple: D:4-7

Altars:
Cheibriados


Innate Abilities, Weirdness & Mutations

You are too large for most types of armour.
You have claws for hands.
Your metabolism is lightning-fast.
You like to eat raw meat.
Your natural rate of healing is unusually fast.
You are covered in fur. (AC +1)
You have very tough skin. (AC +2)


Message History

The ogre is moderately wounded.
The ogre closely misses you.
You puncture the ogre!
The ogre is severely wounded.
The ogre hits you with a giant club!
* * * LOW HITPOINT WARNING * * *
The orc wizard points at you and mumbles some strange words.
You resist with some effort.
You puncture the ogre!
The ogre is almost dead.
The ogre hits you with a giant club.
* * * LOW HITPOINT WARNING * * *
You block the orc wizard's attack.
You barely miss the ogre.
The ogre is almost dead.
You block the ogre's attack. The orc wizard completely misses you.
You closely miss the ogre.
The ogre is almost dead.
The ogre hits you with a giant club!
You die...

P...÷...####...#
...♣♣♣..).o...#
..P♣ ♣..#####o#
P..♣ ♣..# #<#
...[P.P..####.#####
..................#
....P.P.#####...o.#
?..♣♣♣..# #.##Oo#
.. ♣..# #.##@.#
#.##..# ..##..#
####..# #..# #.>#
#..# #?)#


You could see an ogre and 2 orc wizards.

Vanquished Creatures
  2 ogres (D:4)
  A scorpion (D:4)
  A jelly (D:3)
  2 orc priests (D:3)
  Natasha (D:4)
  2 orc wizards
  Robin (D:3)
  10 adders
  2 worms
  2 dart slugs
  5 leopard geckos
  8 orcs (D:3)
  2 ball pythons
  5 bats
  3 hobgoblins
  3 jackals (D:4)
  3 frilled lizards
  15 goblins
  10 kobolds
  7 rats
85 creatures vanquished.

Notes
Turn   | Place    | Note
-------+----------+-------------------------------------------
     0 | D:1      | Zedayar the Troll Fighter began the quest for the Orb.
     0 | D:1      | Reached XP level 1. HP: 22/22 MP: 0/0
    91 | D:1      | Reached XP level 2. HP: 29/29 MP: 1/1
   528 | D:2      | Reached XP level 3. HP: 18/36 MP: 2/2
   802 | D:2      | Reached XP level 4. HP: 41/44 MP: 3/3
  1108 | D:3      | Noticed Robin
  1113 | D:3      | Killed Robin
  1458 | D:3      | Reached XP level 5. HP: 36/52 MP: 4/4
  1515 | D:3      | Found a snail-covered altar of Cheibriados.
  1592 | D:3      | Reached XP level 6. HP: 61/61 MP: 5/5
  2081 | D:4      | Noticed Natasha
  2088 | D:4      | Killed Natasha
  2088 | D:4      | Reached skill level 1 in Polearms
  2155 | D:4      | Reached XP level 7. HP: 39/67 MP: 6/6
  2239 | D:4      | HP: 3/67 [ogre/giant club (5)]
  2241 | D:4      | Slain by an ogre

Skill      XL: |  1  2  3  4  5  6 |
---------------+-------------------+-----
Unarmed Combat | 3 4 |  4.6
Shields        | 3 4 |  4.2
Fighting       | 3 |  3.6
Polearms       | 1 |  1.9
Dodging        | |  2.4
Stealth        | |  0.6

Action                   |  1- 3 |  4- 6 |  7- 9 || total
-------------------------+-------+-------+-------++-------
Melee: Unarmed           |    89 |    98 |       ||   187
       Trident           |       |    43 |    24 ||    67
 Stab: Sleeping          |     2 |       |       ||     2
  Eat: Chunk             |    13 |    11 |       ||    24
Armor: Robe              |    19 |    76 |    10 ||   105
Dodge: Dodged            |    32 |    64 |    11 ||   107
Block: Shield            |    34 |    87 |    12 ||   133
